 Dungeon Crawl Stone Soup version 0.30-a0-219-gf2db51d15e (webtiles) character file.

Game seed: 4418928791697563136

20 scionoferis the Slasher (level 3, -5/28 HPs)
             Began as a Djinni Reaver on Oct 6, 2022.
             Slain by Sigmund
             ... wielding a +1 scythe of protection
              (7 damage)
             ... on level 2 of the Dungeon.
             The game lasted 00:02:05 (1244 turns).

scionoferis the Slasher (Djinni Reaver)             Turns: 1244, Time: 00:02:07

Health: -5/28      AC:  7    Str: 11    XL:     3   Next: 0%
Gold:   103        EV: 11    Int: 16    God:
                   SH:  0    Dex: 11

rFire   + + .      SeeInvis .    a - +0 falchion
rCold   x . .      Faith    .    (no shield)
rNeg    . . .      Spirit   .    b - +0 leather armour
rPois   ∞          Reflect  .    (no helmet)
rElec   .          Harm     .    (no cloak)
rCorr   .          Rampage  .    (no gloves)
Will    .....                    (boots unavailable)
Stlth   +.........               (no amulet)
HPRegen 0.24/turn                d - +4 ring of protection
MPRegen 0.00/turn                f - ring of wizardry

@: flying
A: sickness immunity, fire resistance 2, cold vulnerability 1, float, innate
caster, HP casting, extra vitality 1
a: no special abilities


You were on level 2 of the Dungeon.
You visited 1 branch of the dungeon, and saw 2 of its levels.

You collected 103 gold pieces.

Inventory:

Hand Weapons
 a - a +0 falchion (weapon)
Missiles
 g - 5 poisoned darts
Armour
 b - a +0 leather armour (worn)
Jewellery
 d - a +4 ring of protection (left hand)
 f - a ring of wizardry (right hand)
Scrolls
 c - a scroll of immolation {unknown}
 e - a scroll of identify {unknown}
 h - a scroll of magic mapping {unknown}
 i - a scroll of fog {unknown}


   Skills:
 - Level 2.0 Fighting
 + Level 3.2 Long Blades
 - Level 2.1 Dodging
 + Level 2.8 Spellcasting


You couldn't memorise any spells.
You knew the following spells:

 Your Spells              Type           Power      Damage    Failure   Level
a - Kiss of Death         Conj/Necr      44%        2d8       3%          1
b - Momentum Strike       Conj/Tloc      22%        3d8       4%          2
c - Hailstorm             Conj/Ice       11%        3d5       10%         3
d - Freeze                Ice            44%        1d6       3%          1
Your spell library was empty.

Dungeon Overview and Level Annotations

Branches:
Dungeon (2/15)

Altars:

Annotations:
D:2 Sigmund


Innate Abilities, Weirdness & Mutations

You are immune to sickness and miasma.
You are immune to poison.
Your flesh is very heat resistant. (rF++)
You are vulnerable to cold. (rC-)
You float through the air rather than walking.
You learn spells naturally, not from books.
Your magical power is your life essence.
You have superior vitality. (+4 MHP)


Message History

A cannonade of hail descends around you!
The hail pelts Sigmund.
Sigmund is heavily wounded.
Sigmund misses you. The hobgoblin completely misses you.
Unknown command.
Casting: Hailstorm (quite dangerous; 10% risk of failure)
Confirm with . or Enter, or press ? or * to list all spells.
The spell is quite dangerous to miscast (10% risk of failure)!
Continue anyway?
Casting: Hailstorm (quite dangerous; 10% risk of failure)
Press: ? - help, Dir - look around, f - activate A cannonade of hail descends around you!
The hail pelts Sigmund!
Sigmund is severely wounded.
* * * LOW HITPOINT WARNING * * *
The hobgoblin closely misses you. Sigmund hits you but does no damage.
Press: ? - help, v - describe, . - travel
Here: Sigmund, wielding a +1 scythe of protection and wearing a +0 robe (severely wounded)
The floor.
Unknown command.
Casting: Hailstorm (quite dangerous; 10% risk of failure)
Confirm with . or Enter, or press ? or * to list all spells.
The spell is quite dangerous to miscast (10% risk of failure)!
Continue anyway?
Casting: Hailstorm (quite dangerous; 10% risk of failure)
Press: ? - help, Dir - look around, f - activate A cannonade of hail descends around you!
The hail misses Sigmund.
* * * LOW HITPOINT WARNING * * *
The hobgoblin closely misses you.
Unknown command.
You aren't carrying any potions.
Casting: Hailstorm (quite dangerous; 10% risk of failure)
Confirm with . or Enter, or press ? or * to list all spells.
The spell is quite dangerous to miscast (10% risk of failure)!
Continue anyway?
Casting: Hailstorm (quite dangerous; 10% risk of failure)
Press: ? - help, Dir - look around, f - activate A cannonade of hail descends around you!
The hail misses Sigmund.
* * * LOW HITPOINT WARNING * * *
Sigmund hits you from afar with a +1 scythe of protection!
You die...

########
##.##......#
........g@##
#.#..#@###
#... #.#
........#
......@..
..........
...........
...........#
.....<....##


You could see Sigmund and a hobgoblin.

Vanquished Creatures
  A ball python (D:1)
  An endoplasm (D:1)
  2 goblins (D:1)
  3 hobgoblins (D:1)
  2 kobolds (D:1)
  A quokka (D:1)
  2 bats (D:1)
  3 frilled lizards (D:1)
  5 rats (D:1)
20 creatures vanquished.

Notes
Turn   | Place    | Note
-------+----------+-------------------------------------------
     0 | D:1      | scionoferis the Djinni Reaver began the quest for the Orb.
     0 | D:1      | scionoferis set off with the following spells memorised:
                  | Kiss of Death, Momentum Strike, Hailstorm.
     0 | D:1      | Reached XP level 1. HP: 18/18 MP: 0/0
   139 | D:1      | Reached XP level 2. HP: 23/23 MP: 0/0
   152 | D:1      | Reached skill level 3 in Long Blades
   658 | D:1      | Found a faded altar of an unknown god.
   991 | D:1      | Reached XP level 3. HP: 28/28 MP: 0/0
   991 | D:1      | Learned a level 1 spell: Freeze
  1232 | D:2      | Noticed Sigmund
  1244 | D:2      | Slain by Sigmund

Illustrated notes

Levels and vault maps discovered:
D:1:      dpeg_arrival_houses_and_road, layout_basic,
          ebering_ecumenical_altar_webs
D:2:      layout_rooms, basic_altar, serial_shops, shop_fountains, uniq_sigmund

Skill      XL: |  1  2 |
---------------+-------+-----
Long Blades    | 3 |  3.2
Fighting       | |  2.0
Dodging        | |  2.1
Spellcasting   | |  2.8

Action                   || total
-------------------------++-------
Melee: Falchion          ||    66
 Cast: Hailstorm         ||     6
 Stab: Sleeping          ||     1
Armor: Leather armour    ||    15
Dodge: Dodged            ||    39

Table legend: (Time is in decaauts)
 A = Elapsed time spent in this place.
 B = Non-inter-level travel time spent in this place.
 C = Inter-level travel time spent in this place.
 D = Time resting spent in this place.
 E = Time spent auto-exploring this place.
 F = Levels seen in this place.
 G = Mean time per level.
                   A        B        C        D        E       F      G
               +--------+--------+--------+--------+--------+-----+--------+
         Total |   1252 |   1223 |     29 |      0 |   1034 |   2 |  626.0 |
       Dungeon |   1252 |   1223 |     29 |      0 |   1034 |   2 |  626.0 |
               +--------+--------+--------+--------+--------+-----+--------+

Top non-repeatable levels by time:
     D:1: 1237 daAuts
     D:2: 14 daAuts
